[Event "Titled Tuesday Blitz December 13 Early 2022"]
[White "Harsh Suresh"]
[Black "Gonzalez, Francisco Silva"]
[WhiteFideId "45018464"]
[BlackFideId "1512285"]
[WhiteElo "2227"]
[BlackElo "2220"]
[Result "1-0"]
[Round "01"]
[TimeControl "180+1"]
[Date "2022.12.14"]
[WhiteClock "0:00:18"]
[BlackClock "0:00:27"]

1. Nf3 d5 2. c4 e6 3. b3 c6 4. Bb2 Nd7 5. g3 Ngf6 6. Bg2 Bd6 7. O-O O-O 8. d3 dxc4 9. dxc4 Qc7 10. Nc3 Ne5 11. Qc2 Nxf3+ 12. Bxf3 a6 13. Rfd1 c5 14. Ne4 Nxe4 15. Bxe4 f5 16. Qc3 Bxg3 17. Qxg3 Qxg3+ 18. hxg3 fxe4 19. Rd6 Kf7 20. Ba3 b5 21. Bxc5 bxc4 22. bxc4 a5 23. Rd4 Re8 24. Rxe4 Bb7 25. Rd4 Red8 26. Rad1 Rxd4 27. Rxd4 Bc6 28. Rf4+ Kg8 29. Bd6 a4 30. c5 h6 31. a3 Rd8 32. f3 Ra8 33. Rb4 Kf7 34. Rb6 Rc8 35. Ra6 Kf6 36. Ra7 e5 37. e4 h5 38. Kh2 g5 39. Kg2 g4 40. Kf2 Re8 41. Rc7 Bb5 42. Rh7 Kg6 43. Rb7 Bc4 44. fxg4 hxg4 45. c6 Re6 46. c7 Ba6 47. Rb6 Bc8 48. Rb8 Ba6 49. Rd8 Kf6 50. Ke1 Kf7 51. Kd2 Bb7 52. Kc3 Kf6 53. Kb4 Kf7 54. Kc5 Kf6 55. Kb6 Bxe4 56. c8=Q Re7 57. Bxe7+ Kxe7 58. Qd7+ Kf6 59. Rf8+ Kg5 60. Qg7+ Bg6 61. Qf6+ 1-0


[Site "https://www.chess.com"]

[Event "Titled Tuesday Blitz December 13 Early 2022"]
[White "Hartikainen, Jarmo"]
[Black "Omelja, Artem"]
[WhiteFideId "503134"]
[BlackFideId "14119846"]
[WhiteElo "2197"]
[BlackElo "2404"]
[Result "0-1"]
[Round "01"]
[TimeControl "180+1"]
[Date "2022.12.14"]
[WhiteClock "0:01:21"]
[BlackClock "0:02:36"]

1. e4 c5 2. c3 d5 3. exd5 Qxd5 4. d4 Nf6 5. Nf3 Bg4 6. Be2 e6 7. Na3 Nc6 8. O-O Be7 9. dxc5 Bxc5 10. Nb5 Rc8 11. b4 Be7 12. Bf4 O-O 13. Nd6 Bxd6 14. Bxd6 Rfd8 15. Bf4 Qe4 16. Qc1 Qxe2 0-1


[Site "https://www.chess.com"]

[Event "Titled Tuesday Blitz December 13 Early 2022"]
[White "Hoffmann, Asa"]
[Black "Dilanyan, Grigor"]
[WhiteFideId "2001470"]
[BlackFideId "13303570"]
[WhiteElo "2117"]
[BlackElo "2229"]
[Result "0-1"]
[Round "01"]
[TimeControl "180+1"]
[Date "2022.12.14"]
[WhiteClock "0:00:11"]
[BlackClock "0:01:57"]

1. d4 Nf6 2. Bg5 Ne4 3. Bf4 c5 4. f3 Nf6 5. dxc5 Qa5+ 6. Nc3 Qxc5 7. e4 Nc6 8. Qd2 d6 9. Nb5 Qb6 10. Be3 Qd8 11. c4 a6 12. Nc3 g6 13. O-O-O Bg7 14. Nge2 O-O 15. Bh6 Be6 16. Nd4 Nxd4 17. Bxg7 Nxf3 18. gxf3 Kxg7 19. h4 h5 20. Rg1 Rc8 21. Qd4 Qa5 22. f4 b5 23. e5 dxe5 24. fxe5 Ng4 25. Be2 bxc4 26. Bxg4 Bxg4 27. e6+ f6 28. Rxg4 hxg4 29. Qxg4 Qf5 30. Qxf5 gxf5 31. Nd5 Rcd8 32. Rg1+ Kh7 33. Nxe7 f4 34. Nf5 Rd5 35. Ng7 Re5 36. h5 f3 37. h6 f2 38. Rf1 Re1+ 0-1


[Site "https://www.chess.com"]

[Event "Titled Tuesday Blitz December 13 Early 2022"]
[White "Hristodoulou, Panagiotis"]
[Black "Golizadeh, Asghar"]
[WhiteFideId "4214340"]
[BlackFideId "12505269"]
[WhiteElo "2272"]
[BlackElo "2403"]
[Result "1-0"]
[Round "01"]
[TimeControl "180+1"]
[Date "2022.12.14"]
[WhiteClock "0:00:05"]
[BlackClock "0:00:16"]

1. e4 c5 2. Nf3 e6 3. d4 cxd4 4. Nxd4 a6 5. Bd3 Nf6 6. O-O Qc7 7. Qe2 d6 8. f4 g6 9. Nc3 Bg7 10. Be3 O-O 11. Rae1 Nc6 12. Kh1 Nd7 13. Nxc6 bxc6 14. f5 exf5 15. exf5 Nf6 16. Bd4 Bxf5 17. Bxf5 gxf5 18. Qd3 Rae8 19. Qxf5 Rxe1 20. Rxe1 Re8 21. Rf1 Re6 22. h3 d5 23. Qg5 h6 24. Qf5 c5 25. Bxf6 Rxf6 26. Qd3 c4 27. Qe2 Rxf1+ 28. Qxf1 d4 29. Nd5 Qc5 30. Qf5 Kh8 31. Qxf7 d3 32. Ne7 Qxe7 33. Qxe7 dxc2 34. Qe8+ Bf8 35. Qxf8+ Kh7 36. Qf5+ Kh8 37. Qxc2 1-0


[Site "https://www.chess.com"]

[Event "Titled Tuesday Blitz December 13 Early 2022"]
[White "Itkis, Boris"]
[Black "Vlassov, Nikolai"]
[WhiteFideId "1209167"]
[BlackFideId "4103360"]
[WhiteElo "2216"]
[BlackElo "2324"]
[Result "1-0"]
[Round "01"]
[TimeControl "180+1"]
[Date "2022.12.14"]
[WhiteClock "0:00:22"]
[BlackClock "0:00:28"]

1. c4 e5 2. Nf3 Nc6 3. Nc3 Nf6 4. e4 Bb4 5. d3 d6 6. a3 Bxc3+ 7. bxc3 h6 8. h3 O-O 9. Be2 Nh7 10. g4 Ne7 11. g5 hxg5 12. Nxg5 Ng6 13. Nxh7 Kxh7 14. Bg4 Qh4 15. Qf3 Bxg4 16. hxg4 Kg8 17. Rxh4 Nxh4 18. Qh3 Ng6 19. Be3 f6 20. Kd2 Kf7 21. g5 Rad8 22. gxf6 Rh8 23. Qg4 gxf6 24. Rg1 Rhg8 25. Qh5 Rg7 26. Qf5 Nf8 27. Rxg7+ Kxg7 28. f4 Ng6 29. fxe5 dxe5 30. a4 b6 31. a5 bxa5 32. Bxa7 a4 33. Bc5 Nf4 34. d4 Ng6 35. Kc2 Kf7 36. d5 Kg7 37. Qe6 Ra8 38. Be7 Nxe7 39. Qxe7+ Kg6 40. Qxc7 a3 41. Kb1 a2+ 42. Ka1 Ra3 43. d6 1-0


[Site "https://www.chess.com"]

[Event "Titled Tuesday Blitz December 13 Early 2022"]
[White "Jakubowska, Anna"]
[Black "Csonka, Balazs"]
[WhiteFideId "1121952"]
[BlackFideId "742910"]
[WhiteElo "2001"]
[BlackElo "2404"]
[Result "0-1"]
[Round "01"]
[TimeControl "180+1"]
[Date "2022.12.14"]
[WhiteClock "0:01:46"]
[BlackClock "0:01:20"]

1. e4 e6 2. d4 d5 3. exd5 Qxd5 4. c4 Qa5+ 5. Nc3 Nf6 6. Nf3 Ne4 7. Bd2 Nxd2 8. Qxd2 g6 9. Be2 Bg7 10. O-O O-O 11. b3 c5 12. Rac1 cxd4 13. Ne4 Qxd2 14. Nexd2 Nc6 15. a3 e5 16. Rfe1 f5 17. b4 e4 18. Ng5 d3 19. Bf1 Bb2 20. Rb1 Bxa3 21. b5 Nd4 22. f3 Nc2 23. fxe4 Nxe1 24. Rxe1 Bb4 25. Rd1 Bxd2 26. Rxd2 h6 0-1


[Site "https://www.chess.com"]

[Event "Titled Tuesday Blitz December 13 Early 2022"]
[White "Jaracz, Pawel"]
[Black "Guliev, Logman"]
[WhiteFideId "1102222"]
[BlackFideId "13400061"]
[WhiteElo "2460"]
[BlackElo "2161"]
[Result "0-1"]
[Round "01"]
[TimeControl "180+1"]
[Date "2022.12.14"]
[WhiteClock "0:01:00"]
[BlackClock "0:00:18"]

1. e4 c5 2. Nf3 d6 3. d4 cxd4 4. Nxd4 Nf6 5. Nc3 Nc6 6. Bc4 e6 7. Be3 Be7 8. Bb3 a6 9. Qe2 Na5 10. g4 Nxb3 11. cxb3 b5 12. g5 Nd7 13. Rg1 Bb7 14. b4 O-O 15. Rg3 a5 16. Qh5 g6 17. Qh6 Re8 18. Rh3 Nf8 19. bxa5 b4 20. Nce2 Bxe4 21. Ng3 Bd5 22. Nge2 e5 23. Nb3 Be6 24. Bb6 Bxg5 25. Bxd8 Bxh6 26. Rxh6 Rexd8 27. Rh4 Rdb8 28. f4 Rb5 29. fxe5 dxe5 30. Rd1 Bxb3 31. axb3 Raxa5 32. Ng3 Ra8 33. Rc4 Ne6 34. Ne4 Kg7 35. Rd7 Rba5 36. Nd6 R5a7 37. Re7 Rxe7 0-1


[Site "https://www.chess.com"]

[Event "Titled Tuesday Blitz December 13 Early 2022"]
[White "Jaskolka, Tomasz"]
[Black "Boros, Denes"]
[WhiteFideId "1170791"]
[BlackFideId "722340"]
[WhiteElo "2126"]
[BlackElo "2464"]
[Result "0-1"]
[Round "01"]
[TimeControl "180+1"]
[Date "2022.12.14"]
[WhiteClock "0:00:48"]
[BlackClock "0:01:28"]

1. d4 Nc6 2. Nf3 d6 3. Nc3 Bg4 4. e3 Nf6 5. b3 g6 6. Bb2 Bg7 7. Be2 a6 8. h3 Bf5 9. O-O O-O 10. a3 e5 11. dxe5 dxe5 12. g4 Qxd1 13. Bxd1 Bd7 14. Be2 h5 15. g5 Nh7 16. h4 Bg4 17. Nd5 e4 18. Bxg7 exf3 19. Bxf8 fxe2 20. Rfe1 Kxf8 21. Kg2 Ne5 22. Nf4 Nf3 23. Rxe2 Nxh4+ 24. Kg3 Nf5+ 25. Kg2 Bxe2 26. Nxe2 Nxg5 27. Rd1 Ke7 0-1


[Site "https://www.chess.com"]

[Event "Titled Tuesday Blitz December 13 Early 2022"]
[White "Jiganchine, Roman"]
[Black "Lewtak, Damian"]
[WhiteFideId "2603667"]
[BlackFideId "1141724"]
[WhiteElo "2331"]
[BlackElo "2330"]
[Result "0-1"]
[Round "01"]
[TimeControl "180+1"]
[Date "2022.12.14"]
[WhiteClock "0:00:03"]
[BlackClock "0:00:17"]

1. e4 c5 2. Nf3 d6 3. Bb5+ Bd7 4. Bxd7+ Qxd7 5. c4 g6 6. Nc3 Bg7 7. d4 cxd4 8. Nxd4 Nf6 9. f3 O-O 10. Be3 Nc6 11. Qd2 e6 12. O-O d5 13. cxd5 exd5 14. Nxc6 bxc6 15. exd5 Nxd5 16. Nxd5 cxd5 17. Rad1 Rfe8 18. Bd4 Rac8 19. Bxg7 Kxg7 20. Qd4+ Kg8 21. Rfe1 Qb5 22. b3 a5 23. h4 Rc2 24. a4 Qc6 25. h5 Rxe1+ 26. Rxe1 gxh5 27. Re5 Rc1+ 28. Kh2 Qd6 29. Qf4 Rc6 30. Re8+ Kg7 31. Qxd6 Rxd6 32. Ra8 d4 0-1


[Site "https://www.chess.com"]

[Event "Titled Tuesday Blitz December 13 Early 2022"]
[White "Jumanov, Elbek"]
[Black "Harshavardhan G B"]
[WhiteFideId "14202905"]
[BlackFideId "25059009"]
[WhiteElo "2055"]
[BlackElo "2323"]
[Result "0-1"]
[Round "01"]
[TimeControl "180+1"]
[Date "2022.12.14"]
[WhiteClock "0:01:35"]
[BlackClock "0:01:45"]

1. c4 Nf6 2. Nf3 e6 3. g3 b6 4. Bg2 Bb7 5. O-O Be7 6. Nc3 O-O 7. d3 d6 8. b4 a5 9. bxa5 Rxa5 10. Bd2 Ra8 11. Qc2 Nbd7 12. Rfb1 Qc8 13. a4 e5 14. a5 bxa5 15. Rxb7 Qxb7 16. Nxe5 Qa6 17. Nc6 Rae8 18. Nb5 Bd8 19. Rxa5 Qb6 20. Nxd8 Rxe2 21. d4 Qxa5 22. Bxa5 Rxc2 23. Bxc7 Rxc4 24. Nc6 Rc1+ 0-1


[Site "https://www.chess.com"]

[Event "Titled Tuesday Blitz December 13 Early 2022"]
[White "Kaganskiy, Gleb"]
[Black "Czopor, Maciej"]
[WhiteFideId "4132025"]
[BlackFideId "21805431"]
[WhiteElo "2165"]
[BlackElo "2324"]
[Result "1-0"]
[Round "01"]
[TimeControl "180+1"]
[Date "2022.12.14"]
[WhiteClock "0:00:20"]
[BlackClock "0:00:17"]

1. e4 g6 2. d4 Bg7 3. Nc3 c6 4. Nf3 d5 5. e5 f6 6. Bd3 Nh6 7. O-O O-O 8. Re1 Nf7 9. a4 fxe5 10. dxe5 Bg4 11. Bf4 e6 12. Be2 Nd7 13. Nd4 Bxe2 14. Qxe2 Qe7 15. Nf3 g5 16. Bg3 g4 17. Nd4 Nfxe5 18. Rad1 Rae8 19. a5 a6 20. Na4 Qg5 21. c3 h5 22. Nb6 h4 23. Nxd7 Nxd7 24. Bd6 Rf6 25. Ba3 Qg6 26. Rd3 c5 27. Nc2 Ref8 28. Rf1 Rf5 29. Ne3 Rg5 30. g3 h3 31. Rdd1 Qe4 32. Qd3 Qxd3 33. Rxd3 Ne5 34. Rdd1 Nf3+ 35. Kh1 Rc8 36. Rd3 c4 37. Rdd1 Kf7 38. Bd6 Rc6 39. Bf4 Rg6 40. Nc2 Bf8 41. Nd4 Nxd4 42. Rxd4 Bg7 43. Rdd1 e5 44. Be3 Ke6 45. Rd2 Rd6 46. Rfd1 Rf6 47. Bb6 Rf3 48. Kg1 Bh6 49. Re2 e4 50. Bd4 Rd7 51. Rde1 Rdf7 52. Rd1 Kd6 53. Rf1 Kc6 54. Rd1 Bf8 55. Ra1 Bd6 56. Be3 Bc7 57. Bd4 Bd6 58. Be3 R3f5 59. Bd4 Rc7 60. Rd1 Rc8 61. Be3 Bc7 62. Ra1 Be5 63. Rd2 Rf7 64. Rdd1 Rd7 65. Rd2 Rcd8 66. Rad1 Kb5 67. Bb6 Rf8 68. Rxd5+ Rxd5 69. Rxd5+ Ka4 70. Rxe5 Kb3 71. Rxe4 Kxb2 72. Rxc4 Re8 73. Kf1 Kb3 74. Rb4+ Kc2 75. Rxg4 Kd1 76. Rd4+ Kc2 77. g4 Kxc3 78. f4 Rc8 79. Kf2 Rc6 80. Ba7 Rc7 81. Re4 Kd3 82. Re3+ Kd2 83. Re2+ Kd1 84. Be3 Rd7 85. Rd2+ Rxd2+ 86. Bxd2 Kxd2 87. g5 b5 88. g6 b4 89. g7 b3 90. g8=Q b2 91. Qb8 Kc2 92. f5 b1=Q 93. Qxb1+ Kxb1 94. f6 Kb2 95. f7 Kb3 96. f8=Q Ka4 97. Qh6 Kxa5 98. Qxh3 Kb4 99. Qg3 a5 100. h4 a4 101. h5 a3 102. h6 a2 103. Qg7 Kb3 104. Qa1 Kc2 105. h7 Kb3 106. h8=Q Ka3 107. Qhb2+ Ka4 108. Qaxa2# 1-0


[Site "https://www.chess.com"]

[Event "Titled Tuesday Blitz December 13 Early 2022"]
[White "Kaidanov, Gregory"]
[Black "Sanchez, Robert"]
[WhiteFideId "2008564"]
[BlackFideId "2034360"]
[WhiteElo "2617"]
[BlackElo "2333"]
[Result "0-1"]
[Round "01"]
[TimeControl "180+1"]
[Date "2022.12.14"]
[WhiteClock "0:00:14"]
[BlackClock "0:00:14"]

1. Nf3 d5 2. g3 e6 3. Bg2 Nf6 4. O-O Be7 5. c4 O-O 6. b3 c6 7. Bb2 Nbd7 8. d3 b6 9. Nbd2 Bb7 10. e4 dxe4 11. dxe4 Nc5 12. e5 Ng4 13. Ne1 Nh6 14. Qc2 a5 15. Ndf3 Qc7 16. Bh3 Rad8 17. Ng2 Nd3 18. Bc3 c5 19. Nge1 Be4 20. Qe2 Qb7 21. Nd2 Bg6 22. Bg2 Qc8 23. Ne4 Nxe1 24. Rfxe1 Nf5 25. Rad1 Nd4 26. Qb2 Nc6 27. Nd6 Qc7 28. Nb5 Qc8 29. h4 Bh5 30. Rd2 Rxd2 31. Qxd2 Rd8 32. Qe3 Nd4 33. Nxd4 cxd4 34. Bxd4 Bb4 35. Rf1 Bc5 36. Bxc5 bxc5 37. Be4 Rd4 38. f3 Qd7 39. Rf2 Bg6 40. Bxg6 hxg6 41. Kg2 Rd1 42. Qxc5 Qd3 43. Qa7 Qb1 44. Re2 Rh1 45. Qf2 Rd1 46. g4 Qd3 47. Qe3 Qb1 48. h5 gxh5 49. gxh5 Qf5 50. Qe4 Qg5+ 51. Qg4 Qc1 52. h6 Rg1+ 53. Kf2 Rxg4 54. fxg4 Qxh6 55. Re4 Qd2+ 56. Kf3 Qd3+ 57. Re3 Qf1+ 58. Kg3 g5 59. Re4 Qg1+ 60. Kf3 Qh1+ 61. Ke3 Qh2 62. Rd4 Qxa2 63. Rd8+ Kg7 64. Rd3 Qa3 65. Ke4 Qc5 66. Kf3 f6 67. exf6+ Kxf6 68. Re3 e5 69. Ke2 Qd4 70. Rf3+ Ke6 71. Rd3 Qe4+ 72. Kd2 Qxg4 73. Kc3 Qe4 74. c5 g4 75. Rd6+ Ke7 76. Rd2 g3 77. Rc2 Qxc2+ 78. Kxc2 g2 79. Kc3 g1=Q 80. Kc4 Kd7 81. Kb5 Kc7 82. c6 Qb6+ 83. Kc4 Qxc6+ 84. Kd3 Qb5+ 85. Kc2 Qb4 86. Kb2 Kc6 87. Ka2 Kd5 88. Kb2 Kd4 89. Ka2 e4 90. Kb2 e3 91. Kc2 e2 92. Kb2 e1=N 0-1


[Site "https://www.chess.com"]

[Event "Titled Tuesday Blitz December 13 Early 2022"]
[White "Kazakouski, Valery"]
[Black "Vovk, Orest"]
[WhiteFideId "13507443"]
[BlackFideId "14113490"]
[WhiteElo "2516"]
[BlackElo "2215"]
[Result "1-0"]
[Round "01"]
[TimeControl "180+1"]
[Date "2022.12.14"]
[WhiteClock "0:00:13"]
[BlackClock "0:00:07"]

1. Nf3 h6 2. b3 g5 3. Bb2 Nf6 4. Bxf6 exf6 5. e3 Bg7 6. d4 d5 7. Bd3 c6 8. O-O Be6 9. c4 Nd7 10. Nc3 Nb6 11. cxd5 cxd5 12. Ne2 O-O 13. Rc1 Rc8 14. Rxc8 Qxc8 15. Qb1 Qd7 16. Ng3 Rc8 17. Rc1 Rxc1+ 18. Qxc1 Qc6 19. Qxc6 bxc6 20. Nf5 Bxf5 21. Bxf5 Bf8 22. Kf1 c5 23. dxc5 Bxc5 24. Ke2 Kf8 25. Kd3 Ke7 26. Nd4 Bxd4 27. exd4 Kd6 28. Kc3 Kc6 29. Kb4 Na8 30. Ka5 Nc7 31. Kb4 Ne6 32. Kc3 a5 33. g3 Ng7 34. Bc2 Ne6 35. a3 Nc7 36. Bd3 Ne6 37. Bf1 f5 38. Bd3 f4 39. g4 Nd8 40. f3 Nb7 41. b4 Kb6 42. Kb3 axb4 43. Kxb4 Na5 44. Bb5 Nb7 45. a4 Na5 46. Be8 f6 47. Bd7 Nb7 48. Be6 Kc6 49. a5 Nd8 50. Bf5 Nf7 51. a6 Nd6 52. Bd3 Kb6 53. a7 Kc6 54. a8=Q+ 1-0


[Site "https://www.chess.com"]

[Event "Titled Tuesday Blitz December 13 Early 2022"]
[White "Khamdamova, Afruza"]
[Black "Steinberg, Nitzan"]
[WhiteFideId "14210444"]
[BlackFideId "2801795"]
[WhiteElo "2018"]
[BlackElo "2491"]
[Result "0-1"]
[Round "01"]
[TimeControl "180+1"]
[Date "2022.12.14"]
[WhiteClock "0:00:01"]
[BlackClock "0:00:35"]

1. e4 c5 2. Nf3 e6 3. d4 cxd4 4. Nxd4 a6 5. Be2 Nc6 6. O-O Qc7 7. Nc3 Nf6 8. Be3 Be7 9. Qd2 O-O 10. Rad1 d6 11. Nxc6 bxc6 12. f4 d5 13. Bf3 a5 14. Kh1 Rb8 15. b3 Ba6 16. Rfe1 Bb4 17. e5 Nd7 18. a3 Bxa3 19. Na4 Be7 20. c4 Rxb3 21. cxd5 cxd5 22. Rc1 Bc4 23. Qd4 Rc8 24. Bd1 Rd3 25. Qa1 Bb4 26. Nc3 d4 27. Bxd4 Rxd4 28. Nb5 Qb6 29. Nxd4 Bxe1 30. Be2 Bf2 31. Nb5 Qxb5 32. Bxc4 Rxc4 33. Rd1 Bd4 34. Qa3 h6 35. h3 Nc5 36. Qf3 Qb7 37. Qg4 Ne4 38. Qh4 Nf2+ 39. Kh2 Nxd1 40. f5 Bxe5+ 0-1


[Site "https://www.chess.com"]

[Event "Titled Tuesday Blitz December 13 Early 2022"]
[White "Khoroshev, Nikita"]
[Black "Ljukin, Sergei"]
[WhiteFideId "14200287"]
[BlackFideId "14102200"]
[WhiteElo "2354"]
[BlackElo "2312"]
[Result "1-0"]
[Round "01"]
[TimeControl "180+1"]
[Date "2022.12.14"]
[WhiteClock "0:00:47"]
[BlackClock "0:00:15"]

1. d4 d5 2. c4 c6 3. Nc3 Nf6 4. Nf3 dxc4 5. a4 Bf5 6. e3 e6 7. Bxc4 Bb4 8. O-O Nbd7 9. Qe2 O-O 10. e4 Bg4 11. Rd1 Qe7 12. Bf4 Bxf3 13. gxf3 e5 14. dxe5 Nxe5 15. Bb3 Nh5 16. Bg3 Qg5 17. Kh1 Nf4 18. Qe3 Neg6 19. Ne2 Ne6 20. f4 Qg4 21. f3 Bc5 22. Qc3 Qh5 23. f5 Bb4 24. Qxb4 Qxf3+ 25. Kg1 Qxe2 26. fxg6 1-0


[Site "https://www.chess.com"]

[Event "Titled Tuesday Blitz December 13 Early 2022"]
[White "Kim, Sergey"]
[Black "Akylbekov, Nasyr"]
[WhiteFideId "13700570"]
[BlackFideId "13800353"]
[WhiteElo "2604"]
[BlackElo "2310"]
[Result "1/2-1/2"]
[Round "01"]
[TimeControl "180+1"]
[Date "2022.12.14"]
[WhiteClock "0:00:15"]
[BlackClock "0:00:19"]

1. d4 Nf6 2. c4 e6 3. Nc3 Bb4 4. Qc2 c5 5. dxc5 Bxc5 6. Nf3 Qb6 7. e3 Be7 8. Bd3 O-O 9. O-O d6 10. b3 Nbd7 11. Ne4 Nxe4 12. Bxe4 f5 13. Bd3 Bf6 14. Bb2 Bxb2 15. Qxb2 e5 16. Ng5 Nc5 17. Be2 h6 18. Nf3 Be6 19. Rfd1 Rad8 20. Rac1 a5 21. Qd2 f4 22. exf4 Rxf4 23. Qe3 Re4 24. Qd2 Rf8 25. Bf1 Rg4 26. Be2 Ne4 27. Qe3 Qxe3 28. fxe3 Ng5 29. Nxg5 Rxg5 30. Rxd6 Bh3 31. Bf1 Bf5 32. Rcd1 Be4 33. Rd8 Rf5 34. Rxf8+ Rxf8 35. Be2 a4 36. Rd7 axb3 37. axb3 b6 38. Rd6 Rb8 39. b4 Kf7 40. Rd7+ Kf6 41. Kf2 g5 42. Bf3 Bxf3 43. Kxf3 Ke6 44. Rh7 Kf5 45. Rxh6 g4+ 46. Ke2 Ke4 47. Rg6 Kf5 48. Rc6 Ke4 49. Rg6 Kf5 50. Rg7 Rc8 51. Kd3 Rd8+ 52. Kc3 Rh8 53. h3 gxh3 54. gxh3 Rxh3 55. Kd3 e4+ 56. Kd4 Rh1 57. Rf7+ Ke6 58. Rf4 Rb1 59. b5 Kd6 60. Rxe4 Rd1+ 61. Kc3 Re1 62. Kd3 Rd1+ 63. Kc2 Re1 64. Kb3 Rb1+ 65. Kc2 Re1 66. Re8 Kc5 67. Rc8+ Kb4 68. Rc6 Rxe3 69. Kd2 Rh3 70. Kc2 Rg3 71. Kd2 Rh3 72. Kc2 Rc3+ 73. Kb2 Rxc4 74. Rxb6 Kc5 75. Rb8 Rb4+ 76. Kc3 Rxb5 77. Rxb5+ Kxb5 1/2-1/2


[Site "https://www.chess.com"]

[Event "Titled Tuesday Blitz December 13 Early 2022"]
[White "Kirillov, Dmitry"]
[Black "Gareyev, Timur"]
[WhiteFideId "34180572"]
[BlackFideId "14200937"]
[WhiteElo "2111"]
[BlackElo "2553"]
[Result "0-1"]
[Round "01"]
[TimeControl "180+1"]
[Date "2022.12.14"]
[WhiteClock "0:00:08"]
[BlackClock "0:01:14"]

1. e4 e5 2. Nf3 Nc6 3. d4 exd4 4. c3 dxc3 5. Nxc3 d6 6. Bc4 Na5 7. Bxf7+ Kxf7 8. Qd5+ Ke8 9. Qxa5 c6 10. Qxd8+ Kxd8 11. Bf4 Nf6 12. O-O-O Ne8 13. Ng5 Ke7 14. Rhe1 h6 15. Nf3 g5 16. Be3 Bg4 17. h3 Bxf3 18. gxf3 Bg7 19. f4 gxf4 20. Bxf4 Be5 21. Bg3 Bxg3 22. fxg3 Nc7 23. g4 h5 24. g5 h4 25. Rg1 Ne6 26. Rg4 Raf8 27. Rd3 Rf4 28. Rxf4 Nxf4 29. Rf3 Ne6 30. g6 Rf8 31. Rxf8 Kxf8 32. Ne2 Kg7 33. Kd2 Kxg6 34. Ke3 Kf6 35. b3 Ke5 36. Ng1 Ng5 37. a3 a5 38. a4 b5 0-1


[Site "https://www.chess.com"]

[Event "Titled Tuesday Blitz December 13 Early 2022"]
[White "Kleiman, Jake"]
[Black "Yirik, Volkan"]
[WhiteFideId "2020041"]
[BlackFideId "6300782"]
[WhiteElo "2587"]
[BlackElo "1902"]
[Result "0-1"]
[Round "01"]
[TimeControl "180+1"]
[Date "2022.12.14"]
[WhiteClock "0:00:10"]
[BlackClock "0:01:35"]

1. e4 g6 2. Nf3 Bg7 3. d4 c5 4. c3 cxd4 5. cxd4 d5 6. e5 Bg4 7. Nc3 e6 8. Qa4+ Nc6 9. Nb5 Bxf3 10. Nd6+ Kf8 11. gxf3 Bxe5 12. dxe5 Nxe5 13. Qa3 Qe7 14. Be2 Kg7 15. Be3 Nc6 16. Nb5 Qxa3 17. Nxa3 Nge7 18. O-O-O Nf5 19. Kb1 d4 20. Bd2 Rhd8 21. Bd3 Nh4 22. Be4 Ne5 23. Bg5 Nhxf3 24. Bxd8 Rxd8 25. Bxf3 Nxf3 26. h4 e5 27. Rh3 e4 28. Rxf3 exf3 29. Rd3 Kh6 30. Kc1 Kh5 31. Rxf3 f5 32. Rf4 d3 33. Kd2 Re8 34. Kxd3 Rd8+ 35. Ke2 Rc8 36. Rb4 b6 37. Nb5 a5 38. Rd4 Rc2+ 39. Kf3 Rxb2 40. a4 h6 41. Kg3 Rb3+ 42. f3 g5 43. hxg5 hxg5 44. Nd6 f4+ 45. Kg2 Rb2+ 46. Kh3 Rb3 47. Kg2 Rb2+ 48. Kf1 Rb3 49. Ke2 Kh4 50. Ne4 Re3+ 51. Kf2 Ra3 52. Rd8 Kh5 53. Rd6 Rxa4 54. Nf6+ Kh4 55. Rxb6 Ra2+ 56. Kf1 Kg3 57. Ne4+ Kxf3 58. Nxg5+ Kg4 59. Ne4 a4 60. Ra6 a3 61. Nc3 Ra1+ 62. Kf2 Rc1 63. Rxa3 Rc2+ 64. Kf1 f3 65. Rb3 Kg3 66. Ne4+ Kf4 67. Nf2 Rc1+ 68. Nd1 Rxd1+ 69. Kf2 Rd2+ 70. Kf1 Kg3 71. Kg1 Rd1# 0-1


[Site "https://www.chess.com"]

[Event "Titled Tuesday Blitz December 13 Early 2022"]
[White "Kopylov, Alexander A."]
[Black "Baches Garcia, Guillermo"]
[WhiteFideId "4164857"]
[BlackFideId "2209764"]
[WhiteElo "2436"]
[BlackElo "2460"]
[Result "1-0"]
[Round "01"]
[TimeControl "180+1"]
[Date "2022.12.14"]
[WhiteClock "0:02:44"]
[BlackClock "0:00:13"]

1. e4 c5 2. Nf3 d6 3. Bb5+ Bd7 4. a4 Nf6 5. Nc3 g6 6. e5 dxe5 7. Nxe5 Bg7 8. Qf3 Qc7 9. Nxd7 Nbxd7 10. O-O O-O 11. d3 a6 12. Bxd7 Nxd7 13. Re1 e6 14. Bf4 Qb6 15. Rab1 Rad8 16. Ne4 Ne5 17. Qg3 Qc7 18. Nd2 Rd5 19. Nc4 f6 20. Nxe5 fxe5 21. Be3 b5 22. axb5 axb5 23. b3 c4 24. bxc4 bxc4 25. Qg4 cxd3 26. cxd3 Rxd3 27. Qxe6+ Qf7 28. Qc6 Qf6 29. Qc4+ 1-0


[Site "https://www.chess.com"]

[Event "Titled Tuesday Blitz December 13 Early 2022"]
[White "Korchmar, Vasiliy"]
[Black "Ansh M Shah"]
[WhiteFideId "24131750"]
[BlackFideId "25033379"]
[WhiteElo "2370"]
[BlackElo "2084"]
[Result "1-0"]
[Round "01"]
[TimeControl "180+1"]
[Date "2022.12.14"]
[WhiteClock "0:00:10"]
[BlackClock "0:00:05"]

1. e4 c6 2. d4 d5 3. e5 Bf5 4. c4 e6 5. Nc3 Nd7 6. a3 Ne7 7. cxd5 Nxd5 8. Nxd5 cxd5 9. h4 h5 10. Bd3 Bxd3 11. Qxd3 Be7 12. Nf3 Rc8 13. Bd2 Qb6 14. b4 O-O 15. Ng5 g6 16. g4 Rc4 17. gxh5 Qxd4 18. Qxd4 Rxd4 19. hxg6 Bxg5 20. Bxg5 Nxe5 21. g7 Kxg7 22. Be7 Rc8 23. Rg1+ Rg4 24. Rxg4+ Nxg4 25. Ke2 f5 26. f3 Nf6 27. Bc5 Kf7 28. Bxa7 Rc4 29. Bf2 e5 30. b5 Ke6 31. a4 Nh5 32. a5 Nf4+ 33. Kd2 d4 34. a6 bxa6 35. bxa6 Rc8 36. Bg3 Nh5 37. Bh2 Ra8 38. Ra5 f4 39. Kd3 Ra7 40. Bg1 Nf6 41. Rxe5+ Kxe5 42. Bxd4+ Kf5 43. Bxa7 Nd5 44. Bc5 Kg6 45. Ke4 Nc7 46. a7 Kh5 47. Bf2 Kg6 48. Kxf4 Na8 49. Ke5 Kf7 50. Kd6 Ke8 51. Kc6 Ke7 52. Kb7 Kf6 53. Kxa8 1-0


[Site "https://www.chess.com"]

[Event "Titled Tuesday Blitz December 13 Early 2022"]
[White "Kosteniuk, Alexandra"]
[Black "Bochnicka, Vladimir"]
[WhiteFideId "4128125"]
[BlackFideId "14943450"]
[WhiteElo "2469"]
[BlackElo "2239"]
[Result "1-0"]
[Round "01"]
[TimeControl "180+1"]
[Date "2022.12.14"]
[WhiteClock "0:00:32"]
[BlackClock "0:00:02"]

1. d4 Nf6 2. c4 g6 3. Nc3 Bg7 4. e4 d6 5. Nf3 O-O 6. Be2 e5 7. O-O Nc6 8. d5 Ne7 9. b4 Ne8 10. c5 f5 11. Ng5 h6 12. Ne6 Bxe6 13. dxe6 fxe4 14. Bc4 Kh7 15. Bd5 c6 16. cxd6 Nxd5 17. Nxd5 Qxd6 18. Nc3 Qxe6 19. Nxe4 Qd5 20. Qe2 Nf6 21. Nc5 b6 22. Rd1 Qf7 23. Nb3 Nd5 24. Bd2 Rae8 25. Rac1 Qe6 26. Rc2 e4 27. Rdc1 Rc8 28. a3 Nf4 29. Bxf4 Rxf4 30. Qe3 Rcf8 31. Rxc6 Qd5 32. R6c2 Rf3 33. gxf3 Rxf3 34. Rd2 Qf5 35. Qe2 Rxb3 36. Kh1 Rxa3 37. Rc4 Ra1+ 38. Rd1 Rxd1+ 39. Qxd1 b5 40. Rc7 Qf3+ 41. Qxf3 exf3 42. Rxa7 Kh8 43. Rb7 Bd4 44. Kg1 Bc3 45. Rxb5 g5 46. Rb7 g4 47. b5 h5 48. Rd7 h4 49. b6 Be5 50. b7 g3 51. hxg3 hxg3 52. fxg3 Bxg3 1-0


[Site "https://www.chess.com"]

[Event "Titled Tuesday Blitz December 13 Early 2022"]
[White "Kovacsy, Barnabas"]
[Black "Iskusnyh, Sergei"]
[WhiteFideId "769290"]
[BlackFideId "4120027"]
[WhiteElo "2130"]
[BlackElo "2492"]
[Result "0-1"]
[Round "01"]
[TimeControl "180+1"]
[Date "2022.12.14"]
[WhiteClock "0:02:18"]
[BlackClock "0:02:02"]

1. e4 e6 2. d4 d5 3. exd5 exd5 4. Nf3 Nf6 5. Bd3 c5 6. c3 Nc6 7. O-O Be7 8. Re1 O-O 9. Bf4 Bg4 10. h3 Bh5 11. dxc5 Bxc5 12. Qc2 Rc8 13. Nbd2 Bb6 14. Bg5 h6 15. Bh4 Nb4 0-1


[Site "https://www.chess.com"]